Los Angeles Kings vs Colorado Rockies
Created - Wednesday, November 19, 2025 at 08:03
Goals
|
| Los Angeles Kings |
2 |
0 |
2 |
4 |
| Colorado Rockies |
1 |
1 |
1 |
3 |
|
Shots
|
| Los Angeles Kings |
8 |
10 |
9 |
27 |
| Colorado Rockies |
6 |
12 |
12 |
30 |
|
1st period
1. Los Angeles Kings , Matthew Boldy 37 (Seth Jarvis 58) at 6:03
2. Colorado Rockies , Jesper Bratt 35 (David Pastrnak 45, Kyle Palmieri 30) at 7:37
3. Los Angeles Kings , Cooper Marody 4 (MacKenzie Weegar 34, Mikey Eyssimont 10) at 17:16
Penalties :
Nikita Kucherov (COL) for Hooking (Minor) at 3:20, Michael Bunting (COL) for Hooking (Minor) at 10:35
2nd period
4. Colorado Rockies , Kyle Connor 16 (Martin Fehervary 30) at 15:19
Penalties :
Matthew Boldy (LAK) for Tripping (Minor) at 2:13, Logan Cooley (LAK) for High sticking (Minor) at 16:46
3rd period
5. Los Angeles Kings , Andrew Copp 25 (Logan Cooley 40, Owen Power 21) at 3:44
6. Colorado Rockies , Tim Stutzle 29 (Nikita Kucherov 40) at 7:53 (PP)
7. Los Angeles Kings , Mikey Eyssimont 7 (MacKenzie Weegar 35) at 18:35
Penalties :
Matthew Boldy (LAK) for Holding (Minor) at 7:38, Vitali Kravtsov (LAK) for Roughing (Minor) at 8:30, Nick Bonino (COL) for Slashing (Double Minor) at 14:24, Victor Hedman (COL) for Tripping (Minor) at 19:06
Goalie Stats
Carl Lindbom (LAK), 27 saves from 30 shots - (0.900), W, 11-19-6, 60:00 minutes
Daniil Tarasov (COL), 23 saves from 27 shots - (0.852), L, 16-23-6, 60:00 minutes
Players Stats for Los Angeles Kings
Player Name G A P +/- PIM S H SB GA TA FO MP PP MP PK MP
------------------------------------------------------------------------------------
Alex Gallant 0 0 0 1 0 0 3 1 0 0 0/0 9:57 0:26 0:00
Alexander Romanov 0 0 0 0 0 1 0 1 1 0 0/0 14:44 0:51 0:00
Andrei Kuzmenko 0 0 0 0 0 1 5 1 0 0 2/4 16:06 4:04 1:03
Andrei Svechnikov 0 0 0 0 0 1 3 0 0 0 0/4 20:10 4:09 2:58
Andrew Copp 1 0 1 1 0 4 1 0 0 0 1/1 12:46 0:56 0:15
Charlie McAvoy 0 0 0 0 0 1 2 1 1 0 0/0 16:16 0:51 0:00
Cooper Marody 1 0 1 1 0 1 1 0 0 0 0/0 9:31 0:00 0:00
Jansen Harkins 0 0 0 0 0 1 3 0 0 0 2/3 15:11 3:58 0:14
Joseph Veleno 0 0 0 1 0 1 2 0 0 2 5/10 14:17 1:02 1:16
K'Andre Miller 0 0 0 2 0 0 2 2 0 0 0/0 23:29 3:48 3:03
Logan Cooley 0 1 1 1 2 6 0 0 2 0 1/2 17:50 4:02 1:50
MacKenzie Weegar 0 2 2 2 0 1 0 0 0 1 0/0 23:14 3:48 3:03
Matthew Boldy 1 0 1 0 4 5 0 0 1 0 0/2 18:05 3:57 1:57
Mikey Eyssimont 1 1 2 1 0 4 1 0 0 0 0/1 9:31 0:00 0:00
Owen Power 0 1 1 0 0 0 0 0 0 0 0/0 20:30 4:11 3:09
Ryan Suter 0 0 0 0 0 0 1 2 0 2 0/0 21:47 4:11 3:09
Seth Jarvis 0 1 1 0 0 0 0 0 2 0 11/17 19:16 3:56 2:51
Vitali Kravtsov 0 0 0 0 2 0 1 0 0 0 1/2 11:04 0:00 0:00
Players Stats for Colorado Rockies
Player Name G A P +/- PIM S H SB GA TA FO MP PP MP PK MP
------------------------------------------------------------------------------------
Andrew Peeke 0 0 0 0 0 1 0 0 0 2 0/0 21:40 3:09 4:00
David Pastrnak 0 1 1 1 0 1 0 0 0 0 0/0 13:52 3:05 0:00
Evgeny Kuznetsov 0 0 0 -1 0 1 0 0 0 0 0/10 9:38 0:00 0:00
Jesper Bratt 1 0 1 1 0 2 2 1 0 1 0/0 15:25 3:05 1:33
Kevin Hayes 0 0 0 -2 0 1 1 0 0 0 3/3 15:30 0:00 3:41
Kyle Connor 1 0 1 1 0 4 1 0 0 0 1/1 19:35 3:07 3:57
Kyle Palmieri 0 1 1 1 0 1 2 1 1 1 3/6 14:09 3:05 0:17
Martin Fehervary 0 1 1 -1 0 1 4 0 0 1 0/0 22:29 3:03 4:14
Michael Bunting 0 0 0 -3 2 0 2 1 0 0 0/1 15:21 0:00 2:53
Nick Bonino 0 0 0 -2 4 0 1 0 0 0 0/0 9:40 0:00 0:00
Nick Schmaltz 0 0 0 -2 0 2 1 0 2 0 8/13 15:57 0:00 4:07
Nikita Kucherov 0 1 1 1 2 6 0 0 0 1 0/1 15:47 3:07 0:00
Philipp Kurashev 0 0 0 -1 0 3 0 0 0 0 0/0 9:29 0:00 0:00
Quinn Hughes 0 0 0 1 0 0 0 1 0 0 0/0 21:53 3:09 4:25
Tim Stutzle 1 0 1 0 0 7 4 1 2 1 8/11 16:44 3:07 1:12
Victor Hedman 0 0 0 -1 2 0 3 0 0 0 0/0 21:48 3:03 3:34
Vince Dunn 0 0 0 -1 0 0 0 0 0 0 0/0 15:15 0:00 0:00
Zach Whitecloud 0 0 0 -2 0 0 2 1 0 0 0/0 16:54 0:00 1:27
3 Stars
1 - Mikey Eyssimont (LAK)
2 - MacKenzie Weegar (LAK)
3 - Cooper Marody (LAK)
Power Play
Los Angeles Kings - 0 on 5 Attempt(s) - 0.00%
Colorado Rockies - 1 on 4 Attempt(s) - 25.00%
Penalty Kill
Los Angeles Kings - 3 on 4 Attempt(s) - 75.00%
- Score 0 goal in Penalty Kill
Colorado Rockies - 5 on 5 Attempt(s) - 100.00%
- Score 0 goal in Penalty Kill
Team Stat
Los Angeles Kings - Hits : 25 - Faceoff Wins : 23 - Blocked Shots : 8 - Penalty Minutes : 8
Colorado Rockies - Hits : 23 - Faceoff Wins : 23 - Blocked Shots : 6 - Penalty Minutes : 10
Official
Referees : Trevor Hanson and Garrett Rank
Linesman : Kilian McNamara and Ryan Gibbons
Game Notes
No Game Note
Finance
Level 1 -- Attendance: 5330 (88.83%) -- Ticket Income $479,700
Level 2 -- Attendance: 4283 (85.66%) -- Ticket Income $235,565
Level 3 -- Attendance: 2121 (70.70%) -- Ticket Income $74,235
Level 4 -- Attendance: 3500 (70.00%) -- Ticket Income $87,500
Luxury Box -- Attendance: 975 (97.50%) -- Ticket Income $170,625
Game was played at the Pepsi Center.
Total Attendance: 16209 (81.05%)
Total Ticket Income: $1,047,625
Other Income: $366,669
Total Income: $1,414,294
Los Angeles Kings
5 vs 5 Forward
Center Left Wing Right Wing Time % Phy DF OF
1 Seth Jarvis Matthew Boldy Andrei Svechnikov 30 1 2 2
2 Joseph Veleno Logan Cooley Andrew Copp 30 1 2 2
3 Jansen Harkins Andrei Kuzmenko Vitali Kravtsov 25 1 2 2
4 Mikey Eyssimont Cooper Marody Alex Gallant 15 1 2 2
5 vs 5 Defense
Defense Defense Time % Phy DF OF
1 MacKenzie Weegar K'Andre Miller 35 1 2 2
2 Charlie McAvoy Ryan Suter 35 1 2 2
3 Alexander Romanov Owen Power 30 1 2 2
4 MacKenzie Weegar Ryan Suter 0 1 2 2
PowerPlay Forward
Center Left Wing Right Wing Time % Phy DF OF
1 Seth Jarvis Matthew Boldy Andrei Svechnikov 50 1 2 2
2 Andrei Kuzmenko Logan Cooley Jansen Harkins 50 1 2 2
PowerPlay Defense
Defense Defense Time % Phy DF OF
1 MacKenzie Weegar K'Andre Miller 50 1 2 2
2 Owen Power Ryan Suter 50 1 2 2
Penalty Kill 4 Players Forward
Center Wing Time % Phy DF OF
1 Logan Cooley Matthew Boldy 50 1 2 2
2 Andrei Svechnikov Seth Jarvis 50 1 2 2
Penalty Kill 4 Players Defense
Defense Defense Time % Phy DF OF
1 MacKenzie Weegar K'Andre Miller 50 1 2 2
2 Owen Power Ryan Suter 50 1 2 2
Penalty Kill - 3 Players Forward
Forward Time % Phy DF OF
1 Andrei Svechnikov 50 1 2 2
2 Matthew Boldy 50 1 2 2
Penalty Kill - 3 Players Defense
Defense Defense Time % Phy DF OF
1 MacKenzie Weegar Charlie McAvoy 50 1 2 2
2 Owen Power Ryan Suter 50 1 2 2
4 vs 4 Forward
Center Wing Time % Phy DF OF
1 Andrei Kuzmenko Matthew Boldy 50 1 2 2
2 Andrei Svechnikov Logan Cooley 50 1 2 2
4 vs 4 Defense
Defense Defense Time % Phy DF OF
1 MacKenzie Weegar Charlie McAvoy 50 1 2 2
2 Owen Power Ryan Suter 50 1 2 2
Last Minutes Offensive
Center Left Wing Right Wing Defense Defense
Seth Jarvis Matthew Boldy Andrei Svechnikov MacKenzie Weegar K'Andre Miller
Last Minutes Defensive
Center Left Wing Right Wing Defense Defense
Seth Jarvis Matthew Boldy Andrei Svechnikov MacKenzie Weegar K'Andre Miller
Goaltenders
Starting : Carl Lindbom
Backup : Andrei Vasilevskiy
Extra Forwards
Normal : Andrei Kuzmenko, Jansen Harkins, Andrei Svechnikov - PP : Andrei Kuzmenko, Jansen Harkins - PK : Matthew Boldy
Extra Defensemen
Normal : MacKenzie Weegar, Owen Power, Ryan Suter - PP : MacKenzie Weegar - PK : Owen Power, MacKenzie Weegar
Penalty Shots
Jansen Harkins, Matthew Boldy, Andrei Svechnikov, Seth Jarvis, Logan Cooley
Scratches
Evander Kane (Healthy), Jakub Zboril (Healthy)
Colorado Rockies
5 vs 5 Forward
Center Left Wing Right Wing Time % Phy DF OF
1 Tim Stutzle Kyle Connor Nikita Kucherov 26 0 0 5
2 Kyle Palmieri Jesper Bratt David Pastrnak 26 1 2 2
3 Nick Schmaltz Michael Bunting Kevin Hayes 26 1 2 2
4 Evgeny Kuznetsov Nick Bonino Philipp Kurashev 22 5 0 0
5 vs 5 Defense
Defense Defense Time % Phy DF OF
1 Victor Hedman Martin Fehervary 33 1 2 2
2 Quinn Hughes Andrew Peeke 33 1 2 2
3 Vince Dunn Zach Whitecloud 33 1 2 2
4 Victor Hedman Martin Fehervary 1 1 2 2
PowerPlay Forward
Center Left Wing Right Wing Time % Phy DF OF
1 Tim Stutzle Kyle Connor Nikita Kucherov 50 1 2 2
2 Kyle Palmieri Jesper Bratt David Pastrnak 50 1 2 2
PowerPlay Defense
Defense Defense Time % Phy DF OF
1 Victor Hedman Martin Fehervary 50 1 2 2
2 Quinn Hughes Andrew Peeke 50 1 2 2
Penalty Kill 4 Players Forward
Center Wing Time % Phy DF OF
1 Nick Schmaltz Michael Bunting 50 1 2 2
2 Kevin Hayes Kyle Connor 50 1 2 2
Penalty Kill 4 Players Defense
Defense Defense Time % Phy DF OF
1 Victor Hedman Martin Fehervary 50 1 2 2
2 Quinn Hughes Andrew Peeke 50 1 2 2
Penalty Kill - 3 Players Forward
Forward Time % Phy DF OF
1 Kevin Hayes 50 1 2 2
2 Nick Schmaltz 50 1 2 2
Penalty Kill - 3 Players Defense
Defense Defense Time % Phy DF OF
1 Victor Hedman Martin Fehervary 50 1 2 2
2 Quinn Hughes Andrew Peeke 50 1 2 2
4 vs 4 Forward
Center Wing Time % Phy DF OF
1 Tim Stutzle Nikita Kucherov 50 1 2 2
2 Kyle Palmieri Kyle Connor 50 1 2 2
4 vs 4 Defense
Defense Defense Time % Phy DF OF
1 Victor Hedman Martin Fehervary 50 1 2 2
2 Quinn Hughes Andrew Peeke 50 1 2 2
Last Minutes Offensive
Center Left Wing Right Wing Defense Defense
Tim Stutzle Kyle Connor Nikita Kucherov Victor Hedman Martin Fehervary
Last Minutes Defensive
Center Left Wing Right Wing Defense Defense
Tim Stutzle Kyle Connor Nikita Kucherov Victor Hedman Martin Fehervary
Goaltenders
Starting : Daniil Tarasov
Backup : Joey Daccord
Extra Forwards
Normal : Evgeny Kuznetsov, Nick Schmaltz, Michael Bunting - PP : Evgeny Kuznetsov, Nick Schmaltz - PK : Michael Bunting
Extra Defensemen
Normal : Victor Hedman, Zach Whitecloud, Quinn Hughes - PP : Martin Fehervary - PK : Zach Whitecloud, Quinn Hughes
Penalty Shots
Nikita Kucherov, Tim Stutzle, David Pastrnak, Kyle Connor, Jesper Bratt
Scratches
Timothy Liljegren (Healthy)
% Time on Ice - Los Angeles Kings
Lines # - Real PCT - Wanted PCT - Time Play
Normal Forward
1 - 27% - 30% - 11:56
2 - 27% - 30% - 12:15
3 - 25% - 25% - 10:59
4 - 21% - 15% - 9:31
Normal Defense
1 - 35% - 35% - 15:41
2 - 36% - 35% - 16:01
3 - 29% - 30% - 12:59
4 - 0% - 0% - 0:00
PP Forward
1 - 55% - 50% - 4:49
2 - 45% - 50% - 4:01
PP Defense
1 - 53% - 50% - 4:39
2 - 47% - 50% - 4:11
PK Forward
1 - 54% - 50% - 3:21
2 - 46% - 50% - 2:51
PK Defense
1 - 49% - 50% - 3:03
2 - 51% - 50% - 3:09
PK3 Forward
1 - 0% - 50%
2 - 0% - 50%
PK3 Defense
1 - 0% - 50%
2 - 0% - 50%
44 Forward
1 - 0% - 50%
2 - 0% - 50%
44 Defense
1 - 0% - 50%
2 - 0% - 50%
Last Minute Offensive - 0:00
Last Minute Defensive - 0:17
Total
Forward - 60:00
Defense - 60:00
|
% Time on Ice - Colorado Rockies
Lines # - Real PCT - Wanted PCT - Time Play
Normal Forward
1 - 28% - 26% - 12:37
2 - 25% - 26% - 11:14
3 - 25% - 26% - 11:22
4 - 21% - 22% - 9:29
Normal Defense
1 - 32% - 33% - 14:25
2 - 32% - 33% - 14:19
3 - 34% - 33% - 15:15
4 - 2% - 1% - 0:43
PP Forward
1 - 50% - 50% - 3:07
2 - 50% - 50% - 3:05
PP Defense
1 - 49% - 50% - 3:03
2 - 51% - 50% - 3:09
PK Forward
1 - 49% - 50% - 4:21
2 - 51% - 50% - 4:29
PK Defense
1 - 50% - 50% - 4:25
2 - 50% - 50% - 4:25
PK3 Forward
1 - 0% - 50%
2 - 0% - 50%
PK3 Defense
1 - 0% - 50%
2 - 0% - 50%
44 Forward
1 - 0% - 50%
2 - 0% - 50%
44 Defense
1 - 0% - 50%
2 - 0% - 50%
Last Minute Offensive - 0:16
Last Minute Defensive - 0:00
Total
Forward - 60:00
Defense - 60:00
|
Play-by-Play
1st period
0:01 of 1st period - Tim Stutzle wins face-off versus Matthew Boldy in neutral zone.
0:23 of 1st period - Icing by Andrei Svechnikov.
0:24 of 1st period - Joseph Veleno wins face-off versus Kyle Palmieri in Los Angeles Kings zone.
0:49 of 1st period - Charlie McAvoy is hit by Nick Schmaltz and loses puck.
1:00 of 1st period - Snap shot by Nick Schmaltz.
1:00 of 1st period - Stopped by Carl Lindbom with a rebound.
1:43 of 1st period - Martin Fehervary is hit by Andrei Svechnikov.
1:47 of 1st period - Matthew Boldy is hit by Martin Fehervary and loses puck.
2:07 of 1st period - Wrist shot by Logan Cooley.
2:07 of 1st period - Stopped by Daniil Tarasov with a rebound.
2:48 of 1st period - Zach Whitecloud is hit by Alex Gallant and loses puck.
3:06 of 1st period - Snap shot by Tim Stutzle.
3:06 of 1st period - Stopped by Carl Lindbom without a rebound.
3:07 of 1st period - Joseph Veleno wins face-off versus Tim Stutzle in Los Angeles Kings zone.
3:07 of 1st period - Joseph Veleno is hit by Martin Fehervary.
3:13 of 1st period - Wrist shot by Logan Cooley.
3:13 of 1st period - Deflect By Andrew Copp.
3:13 of 1st period - Stopped by Daniil Tarasov with a rebound.
3:20 of 1st period - Minor Penalty to Nikita Kucherov for Hooking.
3:21 of 1st period - Nick Schmaltz wins face-off versus Seth Jarvis in Colorado Rockies zone.
3:32 of 1st period - Snap shot by Seth Jarvis.
3:32 of 1st period - Shot Misses the Net.
3:34 of 1st period - Snap shot by Matthew Boldy.
3:34 of 1st period - Shot Misses the Net.
3:36 of 1st period - Wrist shot by Matthew Boldy.
3:36 of 1st period - Stopped by Daniil Tarasov without a rebound.
3:37 of 1st period - Nick Schmaltz wins face-off versus Andrei Kuzmenko in Colorado Rockies zone.
5:20 of 1st period - Penalty to Nikita Kucherov is over, Nikita Kucherov is back on ice.
5:32 of 1st period - Michael Bunting is hit by Mikey Eyssimont and loses puck.
5:45 of 1st period - Wrist shot by Michael Bunting.
5:45 of 1st period - Shot Misses the Net.
5:47 of 1st period - Snap shot by Nick Schmaltz.
5:47 of 1st period - Stopped by Carl Lindbom without a rebound.
5:48 of 1st period - Kyle Palmieri wins face-off versus Logan Cooley in Los Angeles Kings zone.
6:01 of 1st period - Snap shot by Logan Cooley.
6:01 of 1st period - Stopped by Daniil Tarasov without a rebound.
6:02 of 1st period - Seth Jarvis wins face-off versus Evgeny Kuznetsov in Colorado Rockies zone.
6:03 of 1st period - Snap shot by Matthew Boldy.
6:03 of 1st period - Goal by Matthew Boldy - Los Angeles Kings : 1 - Colorado Rockies : 0.
6:04 of 1st period - Seth Jarvis wins face-off versus Nick Schmaltz in neutral zone.
6:58 of 1st period - Martin Fehervary is hit by Charlie McAvoy and loses puck.
7:37 of 1st period - Snap shot by Jesper Bratt.
7:37 of 1st period - Goal by Jesper Bratt - Los Angeles Kings : 1 - Colorado Rockies : 1.
7:38 of 1st period - Jansen Harkins wins face-off versus Nick Schmaltz in neutral zone.
8:12 of 1st period - Wrist shot by Philipp Kurashev.
8:12 of 1st period - Stopped by Carl Lindbom without a rebound.
8:13 of 1st period - Seth Jarvis wins face-off versus Evgeny Kuznetsov in Los Angeles Kings zone.
8:20 of 1st period - Zach Whitecloud is hit by Andrei Svechnikov and loses puck.
8:41 of 1st period - Joseph Veleno is hit by Jesper Bratt and loses puck.
10:27 of 1st period - Wrist shot by Jansen Harkins.
10:27 of 1st period - Stopped by Daniil Tarasov with a rebound.
10:35 of 1st period - Minor Penalty to Michael Bunting for Hooking.
10:36 of 1st period - Nick Schmaltz wins face-off versus Andrei Kuzmenko in Colorado Rockies zone.
11:50 of 1st period - Ryan Suter is hit by Victor Hedman and loses puck.
12:23 of 1st period - Jesper Bratt is hit by Andrei Kuzmenko and loses puck.
12:35 of 1st period - Penalty to Michael Bunting is over, Michael Bunting is back on ice.
12:54 of 1st period - Zach Whitecloud is hit by Alex Gallant and loses puck.
13:29 of 1st period - Owen Power is hit by Kyle Palmieri and loses puck.
13:57 of 1st period - Snap shot by Nikita Kucherov.
13:57 of 1st period - Shot Misses the Net.
17:00 of 1st period - Snap shot by Andrew Copp.
17:00 of 1st period - Shot Misses the Net.
17:14 of 1st period - Wrist shot by MacKenzie Weegar.
17:14 of 1st period - Shot Misses the Net.
17:16 of 1st period - Slapshot by Cooper Marody.
17:16 of 1st period - Goal by Cooper Marody - Los Angeles Kings : 2 - Colorado Rockies : 1.
17:17 of 1st period - Nick Schmaltz wins face-off versus Matthew Boldy in neutral zone.
17:53 of 1st period - Snap shot by Logan Cooley.
17:53 of 1st period - Stopped by Daniil Tarasov with a rebound.
18:50 of 1st period - Snap shot by Kevin Hayes.
18:50 of 1st period - Stopped by Carl Lindbom without a rebound.
18:51 of 1st period - Tim Stutzle wins face-off versus Joseph Veleno in Los Angeles Kings zone.
19:17 of 1st period - Andrew Peeke is hit by Andrei Svechnikov and loses puck.
19:42 of 1st period - Jansen Harkins is hit by Kyle Palmieri and loses puck.
Goals for this period are 2 for Los Angeles Kings vs 1 for Colorado Rockies.
Shots for this period are 8 for Los Angeles Kings vs 6 for Colorado Rockies.
2nd period
0:01 of 2nd period - Tim Stutzle wins face-off versus Seth Jarvis in neutral zone.
0:06 of 2nd period - Wrist shot by Nikita Kucherov.
0:06 of 2nd period - Stopped by Carl Lindbom with a rebound.
0:08 of 2nd period - Wrist shot by Tim Stutzle.
0:08 of 2nd period - Stopped by Carl Lindbom with a rebound.
0:10 of 2nd period - Slapshot by Martin Fehervary.
0:10 of 2nd period - Deflect By Tim Stutzle.
0:10 of 2nd period - Shot Blocked by K'Andre Miller.
0:10 of 2nd period - Puck is out of play.
0:11 of 2nd period - Seth Jarvis wins face-off versus Nick Schmaltz in Los Angeles Kings zone.
0:38 of 2nd period - MacKenzie Weegar is hit by Victor Hedman and loses puck.
1:34 of 2nd period - Jesper Bratt is hit by Andrei Kuzmenko and loses puck.
2:13 of 2nd period - Minor Penalty to Matthew Boldy for Tripping.
2:14 of 2nd period - Logan Cooley wins face-off versus Nikita Kucherov in Los Angeles Kings zone.
2:24 of 2nd period - Wrist shot by Tim Stutzle.
2:24 of 2nd period - Shot Misses the Net.
2:26 of 2nd period - Wrist shot by Tim Stutzle.
2:26 of 2nd period - Stopped by Carl Lindbom with a rebound.
2:28 of 2nd period - Snap shot by Kyle Connor.
2:28 of 2nd period - Stopped by Carl Lindbom with a rebound.
2:30 of 2nd period - Wrist shot by Kyle Connor.
2:30 of 2nd period - Stopped by Carl Lindbom with a rebound.
2:40 of 2nd period - Ryan Suter is hit by Jesper Bratt and loses puck.
3:09 of 2nd period - Jesper Bratt is hit by Andrei Kuzmenko and loses puck.
3:36 of 2nd period - Logan Cooley is hit by Victor Hedman and loses puck.
4:01 of 2nd period - Kyle Palmieri is hit by Andrei Kuzmenko and loses puck.
4:13 of 2nd period - Penalty to Matthew Boldy is over, Matthew Boldy is back on ice.
4:18 of 2nd period - K'Andre Miller is hit by Michael Bunting and loses puck.
4:48 of 2nd period - Snap shot by Mikey Eyssimont.
4:48 of 2nd period - Stopped by Daniil Tarasov with a rebound.
5:15 of 2nd period - Logan Cooley is hit by Martin Fehervary and loses puck.
6:37 of 2nd period - Andrew Copp is hit by Nick Bonino and loses puck.
7:23 of 2nd period - Nick Schmaltz is hit by Jansen Harkins and loses puck.
7:36 of 2nd period - Victor Hedman is hit by K'Andre Miller and loses puck.
8:19 of 2nd period - Matthew Boldy is hit by Michael Bunting and loses puck.
8:23 of 2nd period - Icing by Matthew Boldy.
8:24 of 2nd period - Kyle Connor wins face-off versus Seth Jarvis in Los Angeles Kings zone.
8:53 of 2nd period - Snap shot by Vince Dunn.
8:53 of 2nd period - Shot Blocked by Andrei Kuzmenko.
9:09 of 2nd period - Slapshot by David Pastrnak.
9:09 of 2nd period - Shot Hit the Post.
9:11 of 2nd period - Slapshot by Zach Whitecloud.
9:11 of 2nd period - Shot Blocked by Alex Gallant.
9:53 of 2nd period - Snap shot by Logan Cooley.
9:53 of 2nd period - Stopped by Daniil Tarasov with a rebound.
9:55 of 2nd period - Slapshot by Owen Power.
9:55 of 2nd period - Shot Blocked by Tim Stutzle.
9:57 of 2nd period - Slapshot by Alexander Romanov.
9:57 of 2nd period - Stopped by Daniil Tarasov without a rebound.
9:58 of 2nd period - Kyle Palmieri wins face-off versus Joseph Veleno in Colorado Rockies zone.
10:13 of 2nd period - Slapshot by MacKenzie Weegar.
10:13 of 2nd period - Deflect By Kyle Palmieri.
10:13 of 2nd period - Stopped by Daniil Tarasov with a rebound.
10:50 of 2nd period - Slapshot by Philipp Kurashev.
10:50 of 2nd period - Shot Blocked by Ryan Suter.
11:26 of 2nd period - Snap shot by David Pastrnak.
11:26 of 2nd period - Shot Misses the Net.
11:44 of 2nd period - Tim Stutzle is hit by Jansen Harkins and loses puck.
11:59 of 2nd period - Snap shot by Logan Cooley.
11:59 of 2nd period - Shot Misses the Net.
12:01 of 2nd period - Slapshot by MacKenzie Weegar.
12:01 of 2nd period - Deflect By Logan Cooley.
12:01 of 2nd period - Shot Misses the Net.
12:01 of 2nd period - Puck is out of play.
12:02 of 2nd period - Joseph Veleno wins face-off versus Evgeny Kuznetsov in Colorado Rockies zone.
12:11 of 2nd period - Snap shot by Logan Cooley.
12:11 of 2nd period - Stopped by Daniil Tarasov without a rebound.
12:12 of 2nd period - Seth Jarvis wins face-off versus Evgeny Kuznetsov in Colorado Rockies zone.
12:43 of 2nd period - Snap shot by Joseph Veleno.
12:43 of 2nd period - Stopped by Daniil Tarasov with a rebound.
12:45 of 2nd period - Backhand shot by Owen Power.
12:45 of 2nd period - Deflect By Logan Cooley.
12:45 of 2nd period - Shot Misses the Net.
12:45 of 2nd period - Puck is out of play.
12:46 of 2nd period - Nick Schmaltz wins face-off versus Joseph Veleno in Colorado Rockies zone.
13:22 of 2nd period - Wrist shot by David Pastrnak.
13:22 of 2nd period - Deflect By Kyle Palmieri.
13:22 of 2nd period - Stopped by Carl Lindbom with a rebound.
13:46 of 2nd period - Slapshot by Mikey Eyssimont.
13:46 of 2nd period - Stopped by Daniil Tarasov with a rebound.
13:48 of 2nd period - Snap shot by Alex Gallant.
13:48 of 2nd period - Shot Blocked by Kyle Palmieri.
13:58 of 2nd period - Slapshot by Quinn Hughes.
13:58 of 2nd period - Deflect By Kyle Connor.
13:58 of 2nd period - Stopped by Carl Lindbom with a rebound.
14:00 of 2nd period - Slapshot by Andrew Peeke.
14:00 of 2nd period - Deflect By Charlie McAvoy.
14:00 of 2nd period - Stopped by Carl Lindbom with a rebound.
14:14 of 2nd period - Quinn Hughes is hit by Vitali Kravtsov and loses puck.
14:23 of 2nd period - Wrist shot by Tim Stutzle.
14:23 of 2nd period - Stopped by Carl Lindbom without a rebound.
14:24 of 2nd period - Kevin Hayes wins face-off versus Andrei Svechnikov in Los Angeles Kings zone.
15:07 of 2nd period - Icing by Alexander Romanov.
15:08 of 2nd period - Tim Stutzle wins face-off versus Mikey Eyssimont in Los Angeles Kings zone.
15:15 of 2nd period - Snap shot by Kyle Connor.
15:15 of 2nd period - Shot Misses the Net.
15:17 of 2nd period - Slapshot by Martin Fehervary.
15:17 of 2nd period - Deflect By Owen Power.
15:17 of 2nd period - Stopped by Carl Lindbom with a rebound.
15:19 of 2nd period - Slapshot by Kyle Connor.
15:19 of 2nd period - Goal by Kyle Connor - Los Angeles Kings : 2 - Colorado Rockies : 2.
15:20 of 2nd period - Kevin Hayes wins face-off versus Seth Jarvis in neutral zone.
15:24 of 2nd period - Off-side.
15:25 of 2nd period - Seth Jarvis wins face-off versus Nick Schmaltz in neutral zone.
16:22 of 2nd period - Wrist shot by Mikey Eyssimont.
16:22 of 2nd period - Stopped by Daniil Tarasov without a rebound.
16:23 of 2nd period - Andrew Copp wins face-off versus Tim Stutzle in Colorado Rockies zone.
16:36 of 2nd period - Snap shot by Tim Stutzle.
16:36 of 2nd period - Shot Blocked by Charlie McAvoy.
16:46 of 2nd period - Minor Penalty to Logan Cooley for High sticking.
16:47 of 2nd period - Tim Stutzle wins face-off versus Andrei Svechnikov in Los Angeles Kings zone.
16:48 of 2nd period - Snap shot by Nikita Kucherov.
16:48 of 2nd period - Stopped by Carl Lindbom with a rebound.
18:46 of 2nd period - Penalty to Logan Cooley is over, Logan Cooley is back on ice.
18:59 of 2nd period - Snap shot by Logan Cooley.
18:59 of 2nd period - Shot Blocked by Michael Bunting.
19:01 of 2nd period - Snap shot by Charlie McAvoy.
19:01 of 2nd period - Stopped by Daniil Tarasov with a rebound.
19:03 of 2nd period - Snap shot by Ryan Suter.
19:03 of 2nd period - Shot Blocked by Quinn Hughes.
19:19 of 2nd period - Wrist shot by Logan Cooley.
19:19 of 2nd period - Stopped by Daniil Tarasov without a rebound.
19:20 of 2nd period - Andrei Kuzmenko wins face-off versus Evgeny Kuznetsov in Colorado Rockies zone.
Goals for this period are 0 for Los Angeles Kings vs 1 for Colorado Rockies.
Shots for this period are 10 for Los Angeles Kings vs 12 for Colorado Rockies.
3rd period
0:01 of 3rd period - Seth Jarvis wins face-off versus Evgeny Kuznetsov in neutral zone.
0:31 of 3rd period - Jansen Harkins is hit by Tim Stutzle and loses puck.
1:13 of 3rd period - Slapshot by Victor Hedman.
1:13 of 3rd period - Deflect By Philipp Kurashev.
1:13 of 3rd period - Shot Misses the Net.
1:13 of 3rd period - Puck is out of play.
1:14 of 3rd period - Joseph Veleno wins face-off versus Evgeny Kuznetsov in Los Angeles Kings zone.
1:47 of 3rd period - Snap shot by Andrei Svechnikov.
1:47 of 3rd period - Stopped by Daniil Tarasov with a rebound.
2:07 of 3rd period - Snap shot by Nikita Kucherov.
2:07 of 3rd period - Shot Misses the Net.
2:09 of 3rd period - Slapshot by Victor Hedman.
2:09 of 3rd period - Deflect By Nikita Kucherov.
2:09 of 3rd period - Shot Blocked by K'Andre Miller.
2:09 of 3rd period - Puck is out of play.
2:10 of 3rd period - Nick Schmaltz wins face-off versus Joseph Veleno in Los Angeles Kings zone.
2:44 of 3rd period - Snap shot by Matthew Boldy.
2:44 of 3rd period - Stopped by Daniil Tarasov with a rebound.
2:46 of 3rd period - Slapshot by Matthew Boldy.
2:46 of 3rd period - Deflect By Jesper Bratt.
2:46 of 3rd period - Stopped by Daniil Tarasov with a rebound.
3:00 of 3rd period - Slapshot by Nikita Kucherov.
3:00 of 3rd period - Stopped by Carl Lindbom with a rebound.
3:44 of 3rd period - Backhand shot by Andrew Copp.
3:44 of 3rd period - Goal by Andrew Copp - Los Angeles Kings : 3 - Colorado Rockies : 2.
3:45 of 3rd period - Seth Jarvis wins face-off versus Kyle Palmieri in neutral zone.
3:52 of 3rd period - Slapshot by Matthew Boldy.
3:52 of 3rd period - Stopped by Daniil Tarasov with a rebound.
4:12 of 3rd period - Michael Bunting is hit by Charlie McAvoy.
4:35 of 3rd period - Snap shot by Tim Stutzle.
4:35 of 3rd period - Stopped by Carl Lindbom with a rebound.
5:25 of 3rd period - Wrist shot by Jesper Bratt.
5:25 of 3rd period - Deflect By David Pastrnak.
5:25 of 3rd period - Stopped by Carl Lindbom without a rebound.
5:26 of 3rd period - Vitali Kravtsov wins face-off versus Tim Stutzle in Los Angeles Kings zone.
5:26 of 3rd period - Vitali Kravtsov is hit by Martin Fehervary.
5:53 of 3rd period - Victor Hedman is hit by K'Andre Miller and loses puck.
6:24 of 3rd period - Snap shot by Matthew Boldy.
6:24 of 3rd period - Shot Misses the Net.
6:34 of 3rd period - Vince Dunn is hit by Cooper Marody and loses puck.
7:03 of 3rd period - Snap shot by Andrew Copp.
7:03 of 3rd period - Stopped by Daniil Tarasov with a rebound.
7:05 of 3rd period - Snap shot by Logan Cooley.
7:05 of 3rd period - Shot Blocked by Jesper Bratt.
7:38 of 3rd period - Minor Penalty to Matthew Boldy for Holding.
7:39 of 3rd period - Tim Stutzle wins face-off versus Andrei Svechnikov in Los Angeles Kings zone.
7:51 of 3rd period - Wrist shot by Nikita Kucherov.
7:51 of 3rd period - Shot Misses the Net.
7:53 of 3rd period - Wrist shot by Tim Stutzle.
7:53 of 3rd period - Goal by Tim Stutzle - Los Angeles Kings : 3 - Colorado Rockies : 3.
7:54 of 3rd period - Seth Jarvis wins face-off versus Evgeny Kuznetsov in neutral zone.
8:05 of 3rd period - Wrist shot by Philipp Kurashev.
8:05 of 3rd period - Stopped by Carl Lindbom with a rebound.
8:07 of 3rd period - Slapshot by Evgeny Kuznetsov.
8:07 of 3rd period - Stopped by Carl Lindbom without a rebound.
8:08 of 3rd period - Jansen Harkins wins face-off versus Michael Bunting in Los Angeles Kings zone.
8:08 of 3rd period - Jansen Harkins is hit by Kevin Hayes.
8:30 of 3rd period - Minor Penalty to Vitali Kravtsov for Roughing.
8:31 of 3rd period - Kyle Palmieri wins face-off versus Andrei Svechnikov in Los Angeles Kings zone.
10:14 of 3rd period - Matthew Boldy is hit by Tim Stutzle and loses puck.
10:30 of 3rd period - Penalty to Vitali Kravtsov is over, Vitali Kravtsov is back on ice.
11:08 of 3rd period - Wrist shot by Andrei Kuzmenko.
11:08 of 3rd period - Stopped by Daniil Tarasov without a rebound.
11:09 of 3rd period - Nick Schmaltz wins face-off versus Jansen Harkins in Colorado Rockies zone.
11:24 of 3rd period - Wrist shot by Michael Bunting.
11:24 of 3rd period - Shot Blocked by Alexander Romanov.
11:34 of 3rd period - Kyle Connor is hit by Joseph Veleno and loses puck.
11:55 of 3rd period - Seth Jarvis is hit by Zach Whitecloud and loses puck.
12:02 of 3rd period - Slapshot by Philipp Kurashev.
12:02 of 3rd period - Stopped by Carl Lindbom without a rebound.
12:03 of 3rd period - Tim Stutzle wins face-off versus Vitali Kravtsov in Los Angeles Kings zone.
12:14 of 3rd period - Snap shot by Nikita Kucherov.
12:14 of 3rd period - Stopped by Carl Lindbom without a rebound.
12:15 of 3rd period - Tim Stutzle wins face-off versus Seth Jarvis in Los Angeles Kings zone.
12:42 of 3rd period - Nikita Kucherov is hit by Jansen Harkins and loses puck.
12:53 of 3rd period - Andrei Kuzmenko is hit by Tim Stutzle and loses puck.
13:18 of 3rd period - Slapshot by Tim Stutzle.
13:18 of 3rd period - Stopped by Carl Lindbom with a rebound.
13:20 of 3rd period - Slapshot by Andrew Peeke.
13:20 of 3rd period - Shot Blocked by Ryan Suter.
13:22 of 3rd period - Snap shot by Nikita Kucherov.
13:22 of 3rd period - Stopped by Carl Lindbom with a rebound.
13:37 of 3rd period - Andrei Kuzmenko is hit by Tim Stutzle and loses puck.
13:42 of 3rd period - Wrist shot by Nikita Kucherov.
13:42 of 3rd period - Stopped by Carl Lindbom without a rebound.
13:43 of 3rd period - Seth Jarvis wins face-off versus Kyle Palmieri in Los Angeles Kings zone.
13:59 of 3rd period - Snap shot by Jesper Bratt.
13:59 of 3rd period - Stopped by Carl Lindbom without a rebound.
14:00 of 3rd period - Nick Schmaltz wins face-off versus Joseph Veleno in Los Angeles Kings zone.
14:13 of 3rd period - Wrist shot by Andrew Copp.
14:13 of 3rd period - Stopped by Daniil Tarasov without a rebound.
14:14 of 3rd period - Seth Jarvis wins face-off versus Evgeny Kuznetsov in Colorado Rockies zone.
14:24 of 3rd period - Double Minor Penalty to Nick Bonino for Slashing.
14:25 of 3rd period - Kevin Hayes wins face-off versus Seth Jarvis in Colorado Rockies zone.
15:31 of 3rd period - Andrew Peeke is hit by Andrei Kuzmenko and loses puck.
16:49 of 3rd period - Quinn Hughes is hit by Alex Gallant and loses puck.
17:49 of 3rd period - Kyle Palmieri is hit by Joseph Veleno and loses puck.
18:16 of 3rd period - MacKenzie Weegar is hit by Zach Whitecloud and loses puck.
18:24 of 3rd period - Penalty to Nick Bonino is over, Nick Bonino is back on ice.
18:35 of 3rd period - Wrist shot by Mikey Eyssimont.
18:35 of 3rd period - Goal by Mikey Eyssimont - Los Angeles Kings : 4 - Colorado Rockies : 3.
18:36 of 3rd period - Joseph Veleno wins face-off versus Evgeny Kuznetsov in neutral zone.
18:39 of 3rd period - Philipp Kurashev is hit by Andrew Copp and loses puck.
18:58 of 3rd period - Matthew Boldy is hit by Kyle Connor and loses puck.
19:06 of 3rd period - Minor Penalty to Victor Hedman for Tripping.
19:07 of 3rd period - Andrei Kuzmenko wins face-off versus Nick Schmaltz in Colorado Rockies zone.
19:19 of 3rd period - Wrist shot by Owen Power.
19:19 of 3rd period - Shot Misses the Net.
19:21 of 3rd period - Snap shot by Owen Power.
19:21 of 3rd period - Shot Blocked by Zach Whitecloud.
19:23 of 3rd period - Backhand shot by Owen Power.
19:23 of 3rd period - Shot Misses the Net.
19:39 of 3rd period - Zach Whitecloud is hit by Ryan Suter.
Goals for this period are 2 for Los Angeles Kings vs 1 for Colorado Rockies.
Shots for this period are 9 for Los Angeles Kings vs 12 for Colorado Rockies.
Back to the Top